 Dungeon Crawl Stone Soup version 0.28-a0-1447-ga5a8893891 (webtiles) character file.

Game seed: 2835136362795108065

7939 hashsling the Spear-Bearer (level 11, -32/82 (90) HPs)
             Began as a Merfolk Venom Mage on Jan 11, 2022.
             Was a High Priest of Okawaru.
             Annihilated by a centaur warrior (35 damage)
             ... on level 10 of the Dungeon.
             The game lasted 01:57:29 (13997 turns).

hashsling the Spear-Bearer (Merfolk Venom Mage)    Turns: 13997, Time: 01:57:29

HP:   -32/82 (90)   AC:  4    Str: 10    XL:     11   Next: 23%
MP:   0/14          EV: 18    Int: 17    God:    Okawaru [*****.]
Gold: 556           SH:  6    Dex: 15    Spells: 2/14 levels left

rFire   + . .      SeeInvis .   p - +7 trident "Natwomeo" {vorpal, Fragile rF+ Will+}
rCold   . . .      Faith    .   L - +0 buckler
rNeg    . . .      Spirit   +   A - +0 robe {Will+}
rPois   +          Reflect  .   v - +0 helmet
rElec   .          Harm     .   I - scarf {+Inv}
rCorr   .          Rampage  .   k - +0 pair of gloves
Will    ++...                   (no boots)
Stlth   ++........              y - amulet of guardian spirit
HPRegen 0.23/turn               r - +4 ring of evasion
MPRegen 0.14/turn               m - ring of poison resistance

@: drained
A: (nimble swimmer 2), mertail
a: Renounce Religion, Evoke Invisibility, Heroism, Finesse, Duel


You were on level 10 of the Dungeon.
You worshipped Okawaru.
Okawaru was extremely pleased with you.
You visited 2 branches of the dungeon, and saw 11 of its levels.

You collected 556 gold pieces.

Inventory:

Hand Weapons
 p - the +7 trident "Natwomeo" (weapon) {vorpal, Fragile rF+ Will+}
   (You found it on level 5 of the Dungeon)

   It inflicts extra damage upon your enemies.
   rF:        It protects you from fire.
   Fragile:   It will be destroyed if unequipped.
   Will:      It increases your willpower.
 z - the +8 whip of Atzepsyf {elec, Str+3 Int+2}
   (You took it off an orc on level 5 of the Dungeon)

   It occasionally discharges a powerful burst of electricity upon striking a
   foe.
   Str:       It affects your strength (+3).
   Int:       It affects your intelligence (+2).
Missiles
 a - 2 silver boomerangs
 b - 9 javelins
 K - 9 boomerangs
Armour
 i - a +0 cloak
 k - a +0 pair of gloves (worn)
 q - a +3 kite shield
 v - a +0 helmet (worn)
 x - the +11 plate armour of the Grue {rCorr Str+2 Int+4}
   (You found it on level 5 of the Dungeon)

   Str:       It affects your strength (+2).
   Int:       It affects your intelligence (+4).
   rCorr:     It protects you from acid and corrosion.
 A - a +0 robe of willpower (worn)
 H - a +3 ring mail
 I - a scarf of invisibility (worn)
 L - a +0 buckler (worn)
Jewellery
 g - a ring of see invisible
 l - a ring of protection from cold
 m - a ring of poison resistance (right hand)
 r - a +4 ring of evasion (left hand)
 u - a ring of willpower
 y - an amulet of guardian spirit (around neck)
Wands
 e - a wand of acid (2)
 t - a wand of iceblast (29)
Scrolls
 n - a scroll of torment
 o - a scroll of enchant armour
 s - a scroll of identify
 B - a scroll of brand weapon
Potions
 c - 2 potions of mutation
 d - 2 potions of flight
 f - 2 potions of brilliance
 j - 4 potions of attraction
 w - a potion of magic {unknown}
 E - a potion of ambrosia {unknown}
 J - a potion of lignification {unknown}


   Skills:
 + Level 9.9 Fighting
 - Level 14.0 Polearms
 - Level 6.0 Dodging
 - Level 2.1 Stealth
 * Level 6.8 Shields
 - Level 2.0 Spellcasting
 - Level 2.0 Transmutations
 * Level 8.0 Poison Magic


You had 2 spell levels left.
You knew the following spells:

 Your Spells              Type           Power      Damage    Failure   Level
a - Sting                 Tmut/Pois      72%        1d6       3%          1
b - Poisonous Vapours     Pois/Air       30%        N/A       7%          2
c - Olgreb's Toxic Radia  Pois           28%        N/A       9%          4
d - Alistair's Intoxicat  Tmut/Pois      12%        N/A       65%         5

Your spell library contained the following spells:

 Spells                   Type           Power      Damage    Failure   Level
 Apportation              Tloc           2%         N/A       24%         1
 Magic Dart               Conj           4%         1d3       24%         1
 Shock                    Conj/Air       4%         1d3       24%         1
 Passwall                 Tmut/Erth      4%         N/A       24%         2
 Ensorcelled Hibernation  Hex/Ice        2%         N/A       36%         2
 Static Discharge         Conj/Air       1%         N/A       36%         2
 Mephitic Cloud           Conj/Pois/Air  10%        N/A       26%         3
 Gell's Gravitas          Tloc           1%         N/A       58%         3
 Inner Flame              Hex/Fire       1%         N/A       58%         3
 Lesser Beckoning         Tloc           1%         N/A       58%         3
 Swiftness                Air            1%         N/A       58%         3
 Teleport Other           Tloc           1%         N/A       58%         3
 Passage of Golubria      Tloc           1%         N/A       94%         4
 Lightning Bolt           Conj/Air       0%         1d11      100%        5
 Silence                  Hex/Air        0%         N/A       100%        5
 Lehudib's Crystal Spear  Conj/Erth      0%         10d2      100%        8
 Maxwell's Capacitive Co  Air            0%         ∞         100%        8
 Summon Small Mammal      Summ           Unusable   N/A       N/A         1
 Call Canine Familiar     Summ           Unusable   N/A       N/A         3
 Summon Guardian Golem    Hex/Summ       Unusable   N/A       N/A         3

Dungeon Overview and Level Annotations

Branches:
Dungeon (10/15)            Temple (1/1) D:4            Lair (0/6) D:10
    Orc: D:9-12

Altars:
Ashenzari
Cheibriados
Dithmenos
Elyvilon
Fedhas
Gozag
Hepliaklqana
Kikubaaqudgha
Makhleb
Nemelex Xobeh
Okawaru
Qazlal
Ru
Sif Muna
Trog
Uskayaw
Vehumet
Wu Jian
Xom
Yredelemnul
Zin
The Shining One

Shops:
D:10 :


Innate Abilities, Weirdness & Mutations

((You are very nimble when in or above water. (Stealth+, EV+, Speed+++)))
Your lower body shifts to a powerful aquatic tail in water.


Message History

You feel better.
The centaur warrior shoots an arrow.
You block the arrow.
Casting: Sting (safe; 3% risk of failure)
Confirm with . or Enter, or press ? or * to list all spells.
Aiming: Sting (safe; 3% risk of failure)
Press: ? - help, Shift-Dir - straight line, f/p - centaur warrior
Aim: a centaur warrior, wielding a +0 longbow and quivering arrows (moderately wounded, strong, 81% to hit)
The sting hits the centaur warrior but does no damage.
The centaur warrior is poisoned.
The centaur warrior is moderately wounded.
The centaur warrior shoots an arrow.
The arrow closely misses you.
The centaur warrior shoots an arrow.
The arrow misses you.
Okay, then.
Reach: p) +7 trident "Natwomeo" {vorpal, Fragile rF+ Will+}
Press: ? - help, Dir - move target, f/p - centaur warrior
Aim: a centaur warrior, wielding a +0 longbow and quivering arrows (moderately wounded, strong, poisoned, about 22% to evade the +7 trident "Natwomeo")
You reach to attack!
You puncture the centaur warrior!
The centaur warrior is heavily wounded.
The centaur warrior shoots an arrow.
The arrow misses you.
Reach: p) +7 trident "Natwomeo" {vorpal, Fragile rF+ Will+}
Press: ? - help, Dir - move target, f/p - centaur warrior
Aim: a centaur warrior, wielding a +0 longbow and quivering arrows (heavily wounded, strong, poisoned, about 22% to evade the +7 trident "Natwomeo")
You reach to attack!
You hit the centaur warrior.
The centaur warrior is heavily wounded.
The centaur warrior shoots an arrow.
The arrow hits you!
* * * LOW HITPOINT WARNING * * *
Aiming: Corrosive Bolt
Press: ? - help, Shift-Dir - straight line, f/p - centaur warrior
Aim: a centaur warrior, wielding a +0 longbow and quivering arrows (heavily wounded, strong, poisoned, 79% to hit)
The bolt of acid hits the centaur warrior!
The acid corrodes the centaur warrior!
The centaur warrior is severely wounded.
Reach: p) +7 trident "Natwomeo" {vorpal, Fragile rF+ Will+}
Press: ? - help, Dir - move target, f/p - centaur warrior
Aim: a centaur warrior, wielding a +0 longbow and quivering arrows (severely wounded, strong, poisoned, covered in acid, about 22% to evade the +7 trident "Natwomeo")
You barely miss the centaur warrior.
The centaur warrior is severely wounded.
The centaur warrior unwields a +0 longbow.
The centaur warrior wields the +10 dark maul {vorpal}.
The centaur warrior hits you with the +10 dark maul {vorpal}!!
You die...

#....................##........##
#.............###.###)#..........
#...<.........#.....#)#..........
#..#####'#....#.###.#)#..........
#..#.....#....#.....#...().......
...#.....#..#.#.###.#...[........
...#.....'..'.#.....#............
...#.....#..#.###.###.)..........
...#######..#..c@................
....>.......##'#####.........####
.............................#
######........)..............#
#....#.(......#####..........#
#....#........'...#.......(..#
#....#........#...#..........#
#....#........#...#..........####
#....#........# ..#..............


You could see a centaur warrior (strong, poisoned, corroded).

Vanquished Creatures
  A two-headed ogre (D:10)
  A wolf spider (D:10)
  Joseph (D:7)
  A troll (D:10)
  Grinder (D:3)
  Sigmund (D:5)
  A wraith (D:10)
  7 yaks
  2 wyverns
  A basilisk (D:10)
  Duvessa (D:6)
  A water moccasin (D:8)
  6 orc warriors
  5 ice beasts
  A sky beast (D:8)
  An ogre (D:5)
  4 centaurs
  A phantom (D:7)
  2 bullfrogs
  6 scorpions
  Dowan (D:6)
  16 killer bees
  4 centaur zombies
  6 orc priests
  3 hounds
  An iguana (D:6)
  6 orc wizards
  Robin (D:4)
  A howler monkey zombie (D:5)
  3 gnolls (D:2)
  3 adders
  A white imp (D:6)
  An ufetubus (D:6)
  2 worms
  4 dart slugs
  23 orcs
  6 ball pythons
  3 bats
  7 endoplasms
  5 giant cockroaches
  26 goblins
  3 hobgoblins
  4 jackals
  9 kobolds
  7 quokkas
  3 frilled lizards
  A quokka skeleton (D:4)
  8 rats
203 creatures vanquished.

Vanquished Creatures (others)
  4 plants (D:4)
4 creatures vanquished.

Grand Total: 207 creatures vanquished

Notes
Turn   | Place    | Note
-------+----------+-------------------------------------------
     0 | D:1      | hashsling the Merfolk Venom Mage began the quest for the
                  | Orb.
     0 | D:1      | Reached XP level 1. HP: 13/13 MP: 3/3
   118 | D:1      | Reached skill level 1 in Polearms
   152 | D:1      | Reached skill level 1 in Fighting
   152 | D:1      | Reached XP level 2. HP: 15/21 MP: 0/5
   412 | D:1      | Reached skill level 2 in Polearms
   555 | D:1      | Learned a level 2 spell: Poisonous Vapours
   687 | D:1      | Reached XP level 3. HP: 25/27 MP: 3/6
  1525 | D:2      | Reached XP level 4. HP: 34/34 MP: 4/7
  1790 | D:2      | Found an iron altar of Okawaru.
  1931 | D:2      | Found a faded altar of an unknown god.
  2148 | D:2      | Reached skill level 3 in Polearms
  2864 | D:3      | Reached XP level 5. HP: 41/41 MP: 0/8
  3584 | D:3      | Noticed Grinder
  3604 | D:3      | Paralysed by Grinder for 2 turns
  3610 | D:3      | Paralysed by Grinder for 5 turns
  3960 | D:3      | Reached skill level 4 in Polearms
  4278 | D:3      | Paralysed by Grinder for 2 turns
  4298 | D:3      | Paralysed by Grinder for 2 turns
  4322 | D:3      | Killed Grinder
  4323 | D:3      | Reached skill level 5 in Polearms
  4323 | D:3      | Reached skill level 1 in Shields
  4323 | D:3      | Reached XP level 6. HP: 26/48 MP: 6/9
  4664 | D:4      | Found a staircase to the Ecumenical Temple.
  4736 | Temple   | Entered the Ecumenical Temple
  4742 | Temple   | Learned a level 4 spell: Olgreb's Toxic Radiance
  4912 | Temple   | Became a worshipper of Warmaster Okawaru
  5348 | D:4      | Reached XP level 7. HP: 26/53 MP: 0/10
  5602 | D:4      | Noticed Robin
  5636 | D:4      | Killed Robin
  6073 | D:5      | Entered Level 5 of the Dungeon
  6079 | D:5      | Got the Incunabulum of the Harmful Arsonist
  6218 | D:5      | Noticed Sigmund
  6228 | D:5      | Killed Sigmund
  6229 | D:5      | Reached skill level 6 in Polearms
  6229 | D:5      | Reached skill level 5 in Dodging
  6229 | D:5      | Reached skill level 5 in Poison Magic
  6285 | D:5      | Reached * piety under Okawaru
  6408 | D:5      | Identified the +8 whip of Atzepsyf {elec, Str+3 Int+2}
  6520 | D:5      | Identified the +7 trident "Natwomeo" {vorpal, Fragile rF+
                  | Will+}
  6537 | D:5      | Reached XP level 8. HP: 4/61 MP: 6/11
  6854 | D:5      | Identified the +11 plate armour of the Grue {rCorr Str+2
                  | Int+4}
  6864 | D:5      | Found a white marble altar of Elyvilon.
  6864 | D:5      | Found a stormy altar of Qazlal.
  6889 | D:5      | Reached skill level 7 in Polearms
  7765 | D:6      | Reached skill level 5 in Fighting
  7857 | D:6      | Reached skill level 8 in Polearms
  8086 | D:6      | Noticed Duvessa
  8086 | D:6      | Noticed Dowan
  8103 | D:6      | Killed Duvessa
  8233 | D:6      | Killed Dowan
  8233 | D:6      | Reached ** piety under Okawaru
  8469 | D:6      | Reached XP level 9. HP: 50/68 MP: 10/12
  8570 | D:6      | Reached skill level 9 in Polearms
  8903 | D:7      | Noticed Joseph
  9365 | D:7      | Killed Joseph
  9366 | D:7      | Reached skill level 10 in Polearms
  9651 | D:7      | Learned a level 5 spell: Alistair's Intoxication
 10106 | D:8      | Reached skill level 11 in Polearms
 10107 | D:8      | Reached *** piety under Okawaru
 10108 | D:8      | Reached skill level 5 in Shields
 10471 | D:8      | Reached XP level 10. HP: 69/79 MP: 3/13
 10592 | D:8      | Noticed an orc knight
 10740 | D:8      | Reached skill level 12 in Polearms
 11738 | D:9      | Reached **** piety under Okawaru
 12334 | D:10     | Entered Level 10 of the Dungeon
 12373 | D:10     | Found a shadowy altar of Dithmenos.
 12374 | D:10     | Found a hazy altar of Hepliaklqana.
 12374 | D:10     | Found a basalt altar of Yredelemnul.
 12374 | D:10     | Found a sacrificial altar of Ru.
 12422 | D:10     | Reached skill level 13 in Polearms
 12788 | D:10     | Noticed a two-headed ogre
 12801 | D:10     | Killed a two-headed ogre
 12894 | D:10     | Noticed a centaur warrior
 12899 | D:10     | Reached XP level 11. HP: 84/89 MP: 7/14
 12943 | D:10     | Reached ***** piety under Okawaru
 13011 | D:10     | Found a staircase to the Lair.
 13014 | D:10     | Noticed a wolf spider
 13031 | D:10     | Killed a wolf spider
 13032 | D:10     | Reached skill level 14 in Polearms
 13572 | D:10     | Noticed a purple ugly thing
 13623 | D:10     | Found Feetsegh's Book Emporium.
 13995 | D:10     | HP: 3/82 [centaur warrior/arrow (13)]
 13997 | D:10     | Annihilated by a centaur warrior

Illustrated notes

Levels and vault maps discovered:
D:1:      scummos_arrival_gate, layout_loops_ring
D:2:      layout_basic, basic_altar, basic_ecumenical_altar
D:3:      layout_basic, kennysheep_donut, palyth_stone_intersect, uniq_grinder
D:4:      wander_river, layout_basic, minmay_temple_entry_gardened_gates,
          uniq_robin
D:5:      layout_basic, gammafunk_temple_overflow_wave, portal_sewer_entry_f,
          kennysheep_generic_room_11, uniq_sigmund
D:6:      layout_basic, uniq_duvessa
D:7:      layout_gridville, uniq_joseph
D:8:      layout_loops_ring, grunt_decor_arrowhead, kennysheep_island_fort
D:9:      layout_rooms
D:10:     layout_irregular_city, chequers_temple_overflow_statue_of_worship,
          lair_entry_dummy, serial_shops, shop, minmay_checkerbox
Temple:   regret_index_temple_sphere_string

Skill      XL: |  1  2  3  4  5  6  7  8  9 10 11 |
---------------+----------------------------------+-----
Polearms       | 1 2 3 5 6 8 11 13 14 | 14.0
Fighting       | 1 2 3 4 5 7 9 |  9.9
Transmutations | 2 |  2.0
Poison Magic   | 4 5 6 7 8 |  8.0
Dodging        | 3 4 5 6 |  6.0
Shields        | 1 2 3 5 6 |  6.8
Stealth        | |  2.1
Spellcasting   | |  2.0

Action                   |  1- 3 |  4- 6 |  7- 9 | 10-12 || total
-------------------------+-------+-------+-------+-------++-------
Melee: Short sword       |    42 |     8 |       |       ||    50
       Spear             |       |    26 |       |       ||    26
       Trident           |       |    33 |   208 |   138 ||   379
       Punch             |       |       |     1 |       ||     1
Throw: Javelin           |       |       |     1 |     2 ||     3
 Cast: Sting             |    52 |    56 |    59 |    30 ||   197
       Poisonous Vapours |       |    31 |    58 |    43 ||   132
       Olgreb's Toxic Ra |       |       |       |     2 ||     2
Invok: Heroism           |       |       |     1 |     3 ||     4
 Abil: Evoke Invisibilit |       |       |       |     1 ||     1
Evoke: Wand              |       |       |     3 |     8 ||    11
  Use: Scroll            |       |     3 |    12 |     7 ||    22
       Potion            |       |       |     1 |     3 ||     4
 Stab: Sleeping          |       |       |     6 |     2 ||     8
Armor: Robe              |    16 |     7 |    26 |    12 ||    61
Dodge: Dodged            |    24 |    39 |   113 |    80 ||   256
Block: Kite shield       |       |     2 |    28 |       ||    30
       Buckler           |       |       |     6 |    24 ||    30

Table legend: (Time is in decaauts)
 A = Elapsed time spent in this place.
 B = Non-inter-level travel time spent in this place.
 C = Inter-level travel time spent in this place.
 D = Time resting spent in this place.
 E = Time spent auto-exploring this place.
 F = Levels seen in this place.
 G = Mean time per level.
                   A        B        C        D        E       F      G
               +--------+--------+--------+--------+--------+-----+--------+
         Total |  13912 |  13668 |    244 |    499 |   9556 |  11 | 1264.7 |
       Dungeon |  13711 |  13467 |    244 |    499 |   9447 |  10 | 1371.1 |
        Temple |    201 |    201 |      0 |      0 |    109 |   1 |  201.0 |
               +--------+--------+--------+--------+--------+-----+--------+

Top non-repeatable levels by time:
     D:3: 2106 daAuts
    D:10: 1642 daAuts
     D:8: 1552 daAuts
     D:6: 1416 daAuts
     D:1: 1341 daAuts
     D:7: 1340 daAuts
     D:5: 1275 daAuts
     D:4: 1235 daAuts
     D:2: 1165 daAuts
     D:9: 634 daAuts
  Temple: 201 daAuts
